 Dungeon Crawl Stone Soup version 0.31-a0-233-g139696dc86 (webtiles) character file.

Game seed: 1285469767515160490

33 qw the Shooter (level 3, -1/21 HPs)
             Began as a Gargoyle Hexslinger on July 9, 2023.
             Slain by Terence
             ... wielding a +1 short sword of electrocution
              (2 damage)
             ... on level 1 of the Dungeon.
             The game lasted 00:00:17 (709 turns).

qw the Shooter (Gargoyle Hexslinger)                 Turns: 709, Time: 00:00:17

Health: -1/21      AC:  6    Str: 11    XL:     3   Next: 29%
Magic:  4/4        EV: 11    Int: 13    God:
Gold:   63         SH:  0    Dex: 14    Spells: 3/4 levels left

rFire   . . .        Y - +1 sling
rCold   . . .        (no shield)
rNeg    + . .        e - +0 leather armour
rPois   inf          (no helmet)
rElec   +            f - scarf {repulsion}
rCorr   .            (no gloves)
SInv    .            (no boots)
Will    .....        (no amulet)
Stlth   +            (no ring)
HPRegen 0.23/turn    (no ring)
MPRegen 0.09/turn

%: repel missiles
@: no status effects
A: sickness immunity, AC +3, negative energy resistance 1, electricity
resistance, torment resistance 1, petrification resistance
a: no special abilities


You were on level 1 of the Dungeon.
You visited 1 branch of the dungeon, and saw 2 of its levels.

You collected 63 gold pieces.


Innate Abilities, Weirdness & Mutations

You are immune to sickness and miasma.
Your stone body is resilient. (AC +3)
You are immune to poison.
You resist negative energy. (rN+)
You are resistant to electric shocks. (rElec)
You are resistant to unholy torment.
You are immune to petrification.


   Skills:
 + Level 1.9 Fighting
 - Level 3.3 Ranged Weapons
 - Level 1.5 Dodging
 - Level 1.0 Spellcasting
 - Level 2.6 Hexes


You had 3 spell levels left.
You knew the following spells:

 Your Spells              Type           Power      Damage    Failure   Level
a - Slow                  Hex            28%        N/A       12%         1

Your spell library contained the following spells:

 Spells                   Type           Power      Damage    Failure   Level
 Inner Flame              Hex/Fire       4%         N/A       54%         3
 Portal Projectile        Hex/Tloc       8%         N/A       54%         3
 Cause Fear               Hex            3%         N/A       77%         4

Inventory:

Hand Weapons
 Y - a +1 sling (weapon)
Armour
 e - a +0 leather armour (worn)
 f - a scarf of repulsion (worn)

Dungeon Overview and Level Annotations

Branches:
Dungeon (2/15)

Altars:

Shops:
D:1 (

Annotations:
D:1 2 transporters, Terence


Message History

The hobgoblin misses you.
Terence hits you with a +1 short sword of electrocution.
You climb upwards.
Level annotation: 2 transporters
There is a stone staircase leading down here.
You shoot a sling bullet.
The sling bullet closely misses Terence.
Terence hits you with a +1 short sword of electrocution.
The hobgoblin hits you but does no damage.
You shoot a sling bullet.
The sling bullet closely misses Terence.
Terence hits you but does no damage. The hobgoblin misses you.
You shoot a sling bullet. The sling bullet barely misses Terence.
Terence hits you with a +1 short sword of electrocution.
The hobgoblin hits you.
You shoot a sling bullet. The sling bullet hits Terence.
Terence is heavily wounded.
Terence hits you but does no damage. The hobgoblin barely misses you.
Terence hits you with a +1 short sword of electrocution.
The hobgoblin barely misses you.
You shoot a sling bullet. The sling bullet hits Terence.
Terence is severely wounded.
Terence hits you but does no damage. The hobgoblin closely misses you.
You shoot a sling bullet. The sling bullet hits Terence.
Terence is almost dead.
Terence barely misses you. The hobgoblin barely misses you.
You shoot a sling bullet.
The sling bullet closely misses Terence.
Terence hits you with a +1 short sword of electrocution.
The hobgoblin hits you but does no damage.
You shoot a sling bullet.
The sling bullet hits Terence but does no damage.
Terence is almost dead.
Terence hits you with a +1 short sword of electrocution.
The hobgoblin completely misses you.
You shoot a sling bullet. The sling bullet barely misses Terence.
Terence hits you with a +1 short sword of electrocution.
The hobgoblin misses you.
Terence hits you with a +1 short sword of electrocution.
You die...

#####.#####..#~~~~~~~~
#.# #..###.###.# #.#
#..........# #.#
#........... #.#
######.##### #.# #.#
#.# #.# #@# #.#
#@##########.#####
#g#...............
#%#.###...........
#.#.###.###.######
#..#.##.###.######
#.###.#.##........
#..#.##.##..######
#...###.##......#
##..## #.##..###.#


You could see Terence and a hobgoblin.

Vanquished Creatures
  A gnoll (D:1)
  A dart slug (D:1)
  4 ball pythons (D:1)
  An endoplasm (D:1)
  2 giant cockroaches (D:1)
  A goblin (D:1)
  2 hobgoblins (D:1)
  2 quokkas (D:1)
  A bat (D:1)
  3 frilled lizards (D:1)
  A kobold (D:1)
  3 rats (D:1)
22 creatures vanquished.

Notes
Turn   | Place    | Note
-------+----------+-------------------------------------------
     0 | D:1      | qw the Gargoyle Hexslinger began the quest for the Orb.
     0 | D:1      | Reached XP level 1. HP: 12/12 MP: 2/2
     0 | D:1      | 0 ||| qw: Version: 0.3-a-51-g015441d
     0 | D:1      | 0 ||| qw: Game counter: 3820
     0 | D:1      | 0 ||| qw: Melee chars always use a shield: true
     0 | D:1      | 0 ||| qw: God list: Okawaru
     0 | D:1      | 0 ||| qw: Allow faded altars: false
     0 | D:1      | 0 ||| qw: Do Orc after clearing Dungeon:15 true
     0 | D:1      | 0 ||| qw: Do second Lair branch before Depths: true
     0 | D:1      | 0 ||| qw: Lair rune preference: random
     0 | D:1      | 0 ||| qw: Goals: Normal
     0 | D:1      | 0 ||| PLANNING D:1-11
    76 | D:1      | Reached XP level 2. HP: 16/16 MP: 3/3
   214 | D:1      | Reached skill level 3 in Ranged Weapons
   264 | D:1      | Reached XP level 3. HP: 20/20 MP: 4/4
   480 | D:1      | Found Uderah's Weapon Shoppe.
   651 | D:1      | 651 ||| UPGRADING to +0 leather armour.
   661 | D:1      | 661 ||| DROPPING +0 robe.
   662 | D:1      | 662 ||| UPGRADING to scarf of repulsion.
   667 | D:1      | 667 ||| READING scroll labelled LUAS HOATSEGO.
   668 | D:1      | 668 ||| READING scroll labelled NISONEKLOPOS.
   669 | D:1      | 669 ||| READING scroll labelled XIGASI UDDAEG.
   670 | D:1      | 670 ||| DROPPING scroll of poison.
   694 | D:2      | Noticed Terence
   699 | D:2      | 699 ||| STAIRDANCE
   704 | D:1      | HP: 5/21 [Terence/+1 short sword of electrocution (1)]
   709 | D:1      | HP: 1/21 [Terence/+1 short sword of electrocution (3)]
   709 | D:1      | Slain by Terence

Levels and vault maps discovered:
D:1:      spicycebolla_arrival_transporter_tutorial, layout_loops_ring,
          serial_shops, shop, chequers_serial_rivers_large_b
D:2:      layout_basic, serial_rivers, chequers_serial_rivers_large_a,
          chequers_serial_rivers_micro_c, chequers_serial_rivers_small_3,
          chequers_serial_rivers_micro_a, chequers_serial_rivers_small_b,
          minmay_unequal, uniq_jessica, uniq_terence, uniq_sigmund, uniq_natasha

Skill      XL: |  1  2 |
---------------+-------+-----
Ranged Weapons | 3 |  3.3
Fighting       | |  1.9
Dodging        | |  1.5
Spellcasting   | |  1.0
Hexes          | |  2.6

Action                     || total
---------------------------++-------
   Fire: Sling             ||    69
    Use: Scroll            ||     3
 Armour: Robe              ||     2
         Leather armour    ||     6
  Dodge: Dodged            ||    20

Table legend:
 A = Non-vault XP
 B = Vault XP
 C = Vault XP percentage of total XP
 D = Non-vault monster count
 E = Vault monster count
 F = Vault count percentage of total count
                 A         B        C        D         E       F
            +---------+---------+-------+---------+---------+-------
      Total |      48 |       0 |   0.0 |      22 |       0 |   0.0
            +---------+---------+-------+---------+---------+-------
        D:1 |      48 |       0 |   0.0 |      22 |       0 |   0.0
            +---------+---------+-------+---------+---------+-------
